 Dungeon Crawl Stone Soup version 0.26.1-11-gd32895ea62 (webtiles) character file.

Game seed: 14808691708319046128

357 Almogavar the Conjurer (level 6, 0/32 HPs)
             Began as a Deep Elf Conjurer on May 6, 2021.
             Shot with an arrow by a centaur (13 damage)
             ... on level 4 of the Dungeon.
             The game lasted 00:11:38 (3799 turns).

Almogavar the Conjurer (Deep Elf Conjurer)          Turns: 3799, Time: 00:11:39

Health: 0/32       AC:  4    Str:  5    XL:     6   Next: 36%
Magic:  0/16       EV: 13    Int: 24    God:
Gold:   91         SH:  0    Dex: 13    Spells: 13/16 levels left

rFire    . . .     SeeInvis .   d - +0 dagger
rCold    . . .     Faith    .   (no shield)
rNeg     . . .     Spirit   .   a - +0 robe
rPois    .         Reflect  .   (no helmet)
rElec    .         Harm     .   j - +0 cloak
rCorr    +         Rampage  .   k - +0 pair of gloves
Will     .....                  (no boots)
Stlth    ++........             (no amulet)
HPRegen  0.10/turn              i - ring of resist corrosion
MPRegen  0.15/turn              (no ring)

@: no status effects
A: no striking features
a: no special abilities


You were on level 4 of the Dungeon.
You visited 1 branch of the dungeon, and saw 4 of its levels.

You collected 91 gold pieces.

Inventory:

Hand Weapons
 d - a +0 dagger (weapon)
Armour
 a - a +0 robe (worn)
 b - a +0 ring mail
 h - a +0 leather armour
 j - a +0 cloak (worn)
 k - a +0 pair of gloves (worn)
Jewellery
 i - a ring of resist corrosion (left hand)
Scrolls
 e - a scroll of fear
 g - a scroll of amnesia
 l - a scroll of magic mapping
 n - 2 scrolls of immolation {unknown}
Potions
 c - 2 potions of invisibility {unknown}
 f - a potion of attraction {unknown}
 m - a potion of degeneration {unknown}
 o - a potion of curing {unknown}


   Skills:
 + Level 2.7 Dodging
 + Level 3.1 Stealth
 + Level 5.9 Spellcasting
 + Level 7.0 Conjurations


You had 13 spell levels left.
You knew the following spells:

 Your Spells              Type           Power        Failure   Level
a - Magic Dart            Conj           100%         1%          1
b - Searing Ray           Conj           80%          1%          2

Your spell library contained the following spells:

 Spells                   Type           Power        Failure   Level
 Dazzling Flash           Conj/Hex       46%          6%          3
 Fulminant Prism          Conj/Hex       11%          19%         4
 Iskenderun's Mystic Bla  Conj/Tloc      23%          19%         4


Dungeon Overview and Level Annotations

Branches:
Dungeon (4/15)
 Temple: D:4-7

Altars:
Ashenzari
Cheibriados
Gozag
Ru
Trog
Xom


Message History

Aim: a worm (lightly wounded, 0% to evade)
The magic dart hits the worm!
The worm is heavily wounded.
Casting: Magic Dart (safe; 1% risk of failure)
Confirm with . or Enter, or press ? or * to list all spells.
Aiming: Magic Dart (safe; 1% risk of failure)
Press: ? - help, Shift-Dir - straight line, f/p - worm
Aim: a worm (moderately wounded, 0% to evade)
The magic dart hits the worm.
The worm is heavily wounded.
A centaur comes into view.
The centaur shouts!
The centaur wields a +0 shortbow of freezing.
It is covered in frost.
The centaur shoots an arrow.
The arrow hits you. The arrow freezes you.
You see here an arrow.
The centaur shoots an arrow.
The arrow hits you! The arrow freezes you.
You see here an arrow.
The centaur shoots an arrow.
The arrow hits you!
You die...

...... c..). #..)#
#..)# #..w# #...#
#..(# #.####### #..(#
#.......# #..@#######
##.#####.# ##.#......#
..#####.#####....#####
#.##......†.#.......#
#.##.##.###.........#
#.....#.# ###....##.#
#.#.....# #.#.....#
#.#.#.### #.......#
#<#...# #.#######


You could see a centaur and a worm.

Vanquished Creatures
  A howler monkey (D:4)
  An orc priest (D:3)
  An orc wizard (D:3)
  A worker ant (D:4)
  A hound zombie (D:3)
  9 gnolls
  5 adders
  3 worms
  2 leopard geckos (D:4)
  4 orcs (D:3)
  7 giant cockroaches
  5 goblins
  6 hobgoblins
  7 jackals (D:2)
  6 kobolds
  2 quokkas
  2 ball pythons (D:3)
  13 bats
  10 frilled lizards
  7 rats
93 creatures vanquished.

Notes
Turn   | Place    | Note
-------+----------+-------------------------------------------
     0 | D:1      | Almogavar the Deep Elf Conjurer began the quest for the
                  | Orb.
     0 | D:1      | Reached XP level 1. HP: 10/10 MP: 6/6
   273 | D:1      | Reached XP level 2. HP: 15/15 MP: 6/8
   276 | D:1      | Learned a level 2 spell: Searing Ray
   535 | D:1      | Reached skill level 5 in Conjurations
  1014 | D:2      | Reached XP level 3. HP: 19/19 MP: 4/9
  1073 | D:2      | You fall into a shaft and drop 1 floor!
  1413 | D:2      | Found a broken altar of Ashenzari.
  1765 | D:2      | Reached XP level 4. HP: 24/24 MP: 6/11
  2039 | D:2      | Found an opulent altar of Gozag.
  2259 | D:3      | Found a bloodstained altar of Trog.
  2260 | D:3      | Found a snail-covered altar of Cheibriados.
  2260 | D:3      | Found a shimmering altar of Xom.
  2441 | D:3      | Reached skill level 6 in Conjurations
  2770 | D:3      | Found a sacrificial altar of Ru.
  2773 | D:3      | Reached XP level 5. HP: 28/28 MP: 9/13
  3270 | D:3      | Reached skill level 5 in Spellcasting
  3455 | D:3      | Found a shimmering altar of Xom.
  3708 | D:4      | Reached XP level 6. HP: 32/32 MP: 12/16
  3792 | D:4      | Reached skill level 7 in Conjurations
  3799 | D:4      | Shot with an arrow by a centaur

Illustrated notes

Levels and vault maps discovered:
D:1:      dpeg_arrival_shrine, layout_loops_ring, corner_web_ring,
          minmay_misc_feat_diagonals
D:2:      layout_loops_ring, lemuel_coloured_pillars_altar, ashenzari_altar_1
D:3:      layout_loops_ring, chequers_temple_overflow_statue_of_worship,
          nicolae_ru_great_annihilating_truth, tgw_xom
D:4:      layout_loops_cross, gammafunk_ghost_nasty_kobolds,
          chequers_serial_rivers_large_b, uniq_sigmund

Skill      XL: |  1  2  3  4  5  6 |
---------------+-------------------+-----
Conjurations   | 5 6 7 |  7.0
Spellcasting   | 4 5 |  5.9
Stealth        | 3 |  3.1
Dodging        | |  2.7

Action                   |  1- 3 |  4- 6 || total
-------------------------+-------+-------++-------
Melee: Dagger            |       |     2 ||     2
 Cast: Magic Dart        |    66 |    89 ||   155
       Searing Ray       |     3 |    14 ||    17
  Use: Scroll            |     3 |     1 ||     4
Armor: Robe              |       |     2 ||     2
Dodge: Dodged            |    12 |    10 ||    22
